 Dungeon Crawl Stone Soup version 0.21.1-1-g345015fe64 (webtiles) character file.

13940 Kohma the Blocker (level 11, -11/99 HPs)
             Began as a Minotaur Fighter on June 17, 2018.
             Was a Priest of Makhleb.
             Mangled by a ten-headed hydra (12 damage)
             ... on level 2 of the Lair of Beasts on June 19, 2018.
             The game lasted 00:41:06 (13003 turns).

Kohma the Blocker (Minotaur Fighter)               Turns: 13003, Time: 00:41:07

Health: -11/99     AC: 16    Str: 22    XL:     11   Next: 82%
Magic:  10/10      EV: 10    Int:  5    God:    Makhleb [***...]
Gold:   673        SH: 13    Dex: 12    Spells: 10/10 levels left

rFire    . . .     SeeInvis .   a - +1 war axe
rCold    . . .     Gourm    .   c - +0 shield
rNeg     . . .     Faith    .   V - +2 acid dragon scales
rPois    +         Spirit   .   (helmet restricted)
rElec    .         Reflect  .   l - +0 cloak
rCorr    +         Harm     .   Q - +0 pair of gloves
MR       +....                  G - +1 pair of boots
Stlth    +.........             (no amulet)
HPRegen  0.26/turn              t - ring of poison resistance
MPRegen  0.12/turn              K - ring of protection from magic

@: no status effects
A: retaliatory headbutt, horns 2
a: Minor Destruction, Lesser Servant of Makhleb, Renounce Religion


You were on level 2 of the Lair of Beasts.
You worshipped Makhleb.
Makhleb was most pleased with you.
You were not hungry.

You visited 3 branches of the dungeon, and saw 14 of its levels.

You collected 673 gold pieces.

Inventory:

Hand Weapons
 a - a +1 war axe (weapon)
 v - a +3 flail of pain
 T - a +1 flail of venom
Missiles
 n - 3 throwing nets (quivered)
Armour
 c - a +0 shield (worn)
 l - a +0 cloak (worn)
 w - a +0 large shield
 x - a +0 plate armour
 z - a +0 shield
 D - a +0 leather armour of cold resistance
 G - a +1 pair of boots (worn)
 Q - a +0 pair of gloves (worn)
 V - +2 acid dragon scales (worn)
 W - a scarf of cloud immunity
 X - a +0 pair of boots
Jewellery
 b - a +5 ring of intelligence
 s - an uncursed ring of protection from cold
 t - a ring of poison resistance (left hand)
 K - a ring of protection from magic (right hand)
 L - an uncursed ring of flight
 P - an uncursed ring of protection from cold
Wands
 k - a wand of enslavement (10)
 J - a wand of clouds (7)
 M - a wand of digging (6)
 O - a wand of acid (6)
 R - a wand of disintegration (8)
Scrolls
 h - 4 scrolls of remove curse
 j - 5 scrolls of teleportation
 E - 2 scrolls of fog
 H - a scroll of enchant weapon
 I - 9 scrolls of identify
Potions
 d - 3 potions of might
 e - a potion of agility
 g - a potion of magic
 m - 3 potions of flight
 p - a potion of mutation
 q - 4 potions of berserk rage
 r - 2 potions of lignification
 u - 5 potions of ambrosia
 B - 4 potions of haste
 C - 4 potions of curing
 F - 3 potions of brilliance
Books
 y - a book of Debilitation

   Spells                             Type                      Level
   a - Corona                         Hexes                        1
   b - Slow                           Hexes                        2
   c - Inner Flame                    Hexes/Fire                   3
   d - Portal Projectile              Hexes/Translocation          3
   e - Cause Fear                     Hexes                        4
   f - Leda's Liquefaction            Hexes/Earth                  4
 S - a book of Geomancy

   Spells                             Type                      Level
   a - Sandblast                      Earth                        1
   b - Passwall                       Transmutation/Earth          2
   c - Stone Arrow                    Conjuration/Earth            3
   d - Petrify                        Transmutation/Earth          4
   e - Lee's Rapid Deconstruction     Earth                        5
Comestibles
 f - 21 rations
 i - 7 chunks of flesh


   Skills:
 + Level 10.1 Fighting
 * Level 13.1 Axes
 + Level 10.0 Armour
 * Level 13.3 Shields


You had 10 spell levels left.
You didn't know any spells.

Dungeon Overview and Level Annotations

Branches:
Dungeon (11/15)            Temple (1/1) D:4            Lair (2/6) D:10
    Orc (0/2) D:10
  Swamp: Lair:2-4    Shoals: Lair:2-4     Snake: Lair:2-4    Spider: Lair:2-4

Altars:
Ashenzari
Cheibriados
Dithmenos
Elyvilon
Fedhas
Gozag
Hepliaklqana
Kikubaaqudgha
Makhleb
Nemelex Xobeh
Okawaru
Qazlal
Ru
Sif Muna
Trog
Uskayaw
Vehumet
Wu Jian
Xom
Yredelemnul
Zin
The Shining One

Shops:
D:4 [   D:6 [

Annotations:
D:11 Urug


Innate Abilities, Weirdness & Mutations

You reflexively headbutt those who attack you in melee.
You have a pair of horns on your head.


Message History

The ten-headed hydra bites you.
* * * LOW HITPOINT WARNING * * *
The ten-headed hydra barely misses you. The ten-headed hydra bites you.
* * * LOW HITPOINT WARNING * * *
The ten-headed hydra bites you but does no damage.
The ten-headed hydra bites you.
* * * LOW HITPOINT WARNING * * *
The ten-headed hydra bites you!
* * * LOW HITPOINT WARNING * * *
You barely miss the ten-headed hydra.
The ten-headed hydra is heavily wounded.
The ten-headed hydra closely misses you.
The ten-headed hydra bites you!
* * * LOW HITPOINT WARNING * * *
You block the ten-headed hydra's attack.
The ten-headed hydra closely misses you.
The ten-headed hydra bites you but does no damage. x2
You block the ten-headed hydra's attack.
The ten-headed hydra bites you!
You die...

##### ###
#)...###@#
###...#YD##
.###.####..k#
#........#...## #
#...........#..#
P.#...####≈..##Y.#
..#...## ##...#%.#
.....≈####...##[#
..#.....(.....# ##


You could see a ten-headed hydra, an elephant and a rime drake.

Vanquished Creatures
  3 two-headed ogres
  The ghost of Naru the Cleaver, a novice HOFi of Beogh (D:9)
  An ugly thing (D:10)
  An elephant (Lair:2)
  A centaur zombie (D:11)
  A komodo dragon (Lair:2)
  4 hippogriffs
  A spriggan (D:7)
  Sigmund (D:4)
  A wyvern (Lair:1)
  10 yaks (D:10)
  Eustachio (D:5)
  A steam dragon (D:8)
  Menkaure (D:7)
  An acid dragon (D:11)
  A soldier ant (D:10)
  3 water moccasins (Lair:1)
  8 porcupines
  A black bear (D:7)
  5 ice beasts
  3 orc warriors
  2 phantoms
  5 ogres
  A sky beast (D:7)
  A wolf (Lair:2)
  7 centaurs
  3 crocodiles
  3 big kobolds
  8 bullfrogs
  A water moccasin skeleton (D:4)
  5 scorpions
  9 killer bees
  A howler monkey (D:5)
  The ghost of Sapher the Grave Robber, a weakling GnNe (D:4)
  2 bullfrog zombies
  5 crimson imps
  4 jellies
  A centaur skeleton (D:6)
  3 gnoll shamans
  6 hounds
  4 orc priests
  3 orc wizards
  Jessica (D:2)
  Terence (D:2)
  9 iguanas
  Natasha (thrice) (D:4)
  5 worker ants
  A killer bee zombie (D:8)
  A hound skeleton (D:6)
  Robin (D:2)
  3 worker ant zombies
  8 adders
  17 gnolls
  2 shadow imps
  11 oozes
  An adder skeleton (D:7)
  3 dart slugs
  3 worms
  6 leopard geckos
  23 orcs
  9 bats
  5 giant cockroaches
  17 goblins
  13 hobgoblins
  9 jackals
  2 quokkas
  A ball python (D:2)
  5 frilled lizards
  A jackal zombie (D:5)
  30 kobolds
  A leopard gecko skeleton (D:8)
  A quokka skeleton (D:6)
  A quokka zombie (D:6)
  10 rats
  2 fungi (D:2)
  A plant (Lair:2)
332 creatures vanquished.

Vanquished Creatures (others)
  A fungus (D:10)
  9 toadstools (D:2)
10 creatures vanquished.

Grand Total: 342 creatures vanquished

Notes
Turn   | Place    | Note
-------+----------+-------------------------------------------
     0 | D:1      | Kohma the Minotaur Fighter began the quest for the Orb.
     0 | D:1      | Reached XP level 1. HP: 19/19 MP: 0/0
    75 | D:1      | Reached XP level 2. HP: 25/27 MP: 1/1
   246 | D:1      | Reached XP level 3. HP: 18/33 MP: 2/2
   807 | D:2      | Noticed Jessica
   818 | D:2      | Reached XP level 4. HP: 40/40 MP: 3/3
   839 | D:2      | Noticed Terence
   859 | D:2      | Killed Terence
   868 | D:2      | Killed Jessica
   868 | D:2      | Reached skill level 5 in Shields
   941 | D:2      | Reached XP level 5. HP: 42/47 MP: 4/4
  1442 | D:2      | Noticed Robin
  1461 | D:2      | Killed Robin
  1461 | D:2      | Reached XP level 6. HP: 45/53 MP: 5/5
  1777 | D:3      | Reached skill level 5 in Axes
  1953 | D:3      | Found a stormy altar of Qazlal.
  2469 | D:3      | Found a deep blue altar of Sif Muna.
  2862 | D:5      | Entered Level 5 of the Dungeon
  2866 | D:5      | Reached skill level 5 in Fighting
  3151 | D:4      | Reached skill level 5 in Armour
  3151 | D:4      | Reached XP level 7. HP: 60/61 MP: 6/6
  3254 | D:4      | Found Curcheiwul's Antique Armour Shop.
  3258 | D:4      | Found a staircase to the Ecumenical Temple.
  3271 | Temple   | Entered the Ecumenical Temple
  3395 | D:4      | Noticed Sapher's ghost (weakling GnNe)
  3414 | D:4      | Killed Sapher's ghost
  3611 | D:4      | Noticed Natasha
  3645 | D:4      | Killed Natasha
  3756 | D:4      | Noticed Sigmund
  3840 | D:4      | Killed Sigmund
  4156 | D:4      | Noticed Natasha
  4160 | D:4      | Killed Natasha
  4160 | D:4      | Reached XP level 8. HP: 70/70 MP: 7/7
  4257 | D:4      | Noticed Natasha
  4262 | D:4      | Killed Natasha
  4701 | D:5      | Noticed Eustachio
  4732 | D:5      | Killed Eustachio
  5512 | D:6      | Reached XP level 9. HP: 66/78 MP: 8/8
  6178 | D:6      | Found Dudokk Hounu's Antique Armour Shop.
  6335 | D:6      | Found a shattered altar of Ashenzari.
  6529 | D:6      | Found a sacrificial altar of Ru.
  6544 | D:6      | Found a burning altar of Makhleb.
  6548 | D:6      | Became a worshipper of Makhleb the Destroyer
  6554 | D:6      | Found an ornate altar of the Wu Jian Council.
  6559 | D:6      | Found a glowing golden altar of the Shining One.
  6760 | D:7      | Noticed Menkaure
  6771 | D:7      | Killed Menkaure
  7286 | D:7      | Found a sacrificial altar of Ru.
  7325 | D:7      | Reached skill level 10 in Shields
  7611 | D:7      | Reached * piety under Makhleb
  7628 | D:7      | Reached skill level 10 in Axes
  7870 | D:8      | Found a shadowy altar of Dithmenos.
  7939 | D:8      | Reached XP level 10. HP: 57/88 MP: 9/9
  8283 | D:8      | Noticed a two-headed ogre
  8293 | D:8      | Killed a two-headed ogre
  9365 | D:9      | Noticed Naru's ghost (novice HOFi)
  9402 | D:9      | Killed Naru's ghost
  9406 | D:9      | Reached ** piety under Makhleb
  9821 | D:10     | Entered Level 10 of the Dungeon
  9967 | D:10     | Found a staircase to the Lair.
 10000 | D:10     | Noticed a two-headed ogre
 10013 | D:10     | Killed a two-headed ogre
 10013 | D:10     | Reached XP level 11. HP: 59/97 MP: 10/10
 10510 | D:10     | Reached *** piety under Makhleb
 10954 | D:10     | Found a staircase to the Orcish Mines.
 11164 | D:11     | Noticed a brown ugly thing
 11220 | D:10     | Killed a purple ugly thing
 11407 | D:11     | Noticed a two-headed ogre
 11425 | D:11     | Killed a two-headed ogre
 11592 | D:11     | Noticed Urug
 12026 | Lair:1   | Entered Level 1 of the Lair of Beasts
 12395 | Lair:1   | Reached skill level 10 in Fighting
 12940 | Lair:2   | Reached skill level 10 in Armour
 12985 | Lair:2   | Noticed a seven-headed hydra
 13003 | Lair:2   | HP: 1/99 [ten-headed hydra (10)]
 13003 | Lair:2   | Mangled by a ten-headed hydra

Skill      XL: |  1  2  3  4  5  6  7  8  9 10 11 |
---------------+----------------------------------+-----
Shields        | 4 5 6 7 9 10 12 13 | 13.3
Axes           | 3 4 5 6 8 10 11 13 | 13.1
Fighting       | 4 5 6 7 9 10 | 10.1
Armour         | 4 5 6 7 9 10 | 10.0

Action                   |  1- 3 |  4- 6 |  7- 9 | 10-12 || total
-------------------------+-------+-------+-------+-------++-------
Melee: War axe           |    77 |   142 |   454 |   471 ||  1144
       Headbutt          |    11 |    24 |    84 |   108 ||   227
Evoke: Wand              |       |       |     1 |       ||     1
  Use: Scroll            |       |    12 |     7 |    11 ||    30
       Potion            |       |       |     2 |     4 ||     6
  Eat: Chunk             |       |     4 |    16 |    10 ||    30
       Ration            |       |     1 |       |     2 ||     3
Armor: Scale mail        |    32 |    43 |       |       ||    75
       Plate armour      |       |     5 |   259 |   225 ||   489
       Acid dragon scale |       |       |       |    27 ||    27
Dodge: Dodged            |    28 |    47 |    86 |   133 ||   294
Block: Shield            |    40 |    58 |   323 |   333 ||   754
